 Dungeon Crawl Stone Soup version 0.23-a0-139-ga22e90c45f (webtiles) character file.

63723 Jesh the Unseen (level 14, 0/64 HPs)
             Began as a Spriggan Enchanter on Aug 29, 2018.
             Was the Champion of Dithmenos.
             Slain by a sixfirhy (8 damage)
             ... summoned by an orc sorcerer
             ... on level 2 of the Orcish Mines on Aug 30, 2018.
             The game lasted 01:36:10 (31457 turns).

Jesh the Unseen (Spriggan Enchanter)               Turns: 31457, Time: 01:36:11

Health: 0/64       AC: 13    Str: 15    XL:     14   Next: 69%
Magic:  33/33      EV: 29    Int: 19    God:    Dithmenos [******]
Gold:   2292       SH:  0    Dex: 16    Spells: 19/36 levels left

rFire    . . .     SeeInvis +   t - +4 dagger
rCold    + . .     Gourm    .   (shield restricted)
rNeg     . . .     Faith    .   b - +0 robe
rPois    .         Spirit   .   K - +2 hat {MR+}
rElec    .         Reflect  .   D - +2 cloak
rCorr    .         Harm     .   (gloves unavailable)
MR       +++..                  (boots unavailable)
Stlth    ++++++++++             (no amulet)
HPRegen  0.20/turn              c - +6 ring of strength
MPRegen  0.23/turn              w - +4 ring of protection

@: about to teleport, very slightly contaminated, wreathed by umbra, very quick
A: very small, unfitting armour, slimy green scales 1, see invisible, cold
resistance 1, herbivore, speed 3, frail 1, high mp 1, slow metabolism 2, strong
1, MP-powered wands
a: Shadow Step, Shadow Form, Renounce Religion


You were on level 2 of the Orcish Mines.
You worshipped Dithmenos.
Dithmenos was exalted by your worship.
You were not hungry.

You visited 5 branches of the dungeon, and saw 25 of its levels.
You also visited: Bailey.

You collected 2292 gold pieces.

Inventory:

Hand Weapons
 g - a +0 rapier
 t - a +4 dagger (weapon)
 x - the +7 falchion "Jicetut" {venom, rC+ Dex+4 SInv, unknown}
   (You found it on level 15 of the Dungeon)

   It poisons the flesh of those it strikes.
   It affects your dexterity (+4).
   It protects you from cold.
   It lets you see invisible.
 A - the +9 trident of Valiance {pierce, +Rage Int+4}
   (You found it in a bailey)

   It inflicts extra damage upon your enemies.
   It affects your intelligence (+4).
   It lets you go berserk.
 O - a +2 short sword of freezing
Missiles
 q - a throwing net (quivered)
Armour
 b - a +0 robe (worn)
 e - a scarf of cloud immunity
 D - a +2 cloak (worn)
 K - a +2 hat of magic resistance (worn)
Jewellery
 c - a +6 ring of strength (left hand)
 j - an uncursed ring of positive energy
 l - a +6 ring of dexterity
 p - an uncursed ring of resist corrosion
 w - a +4 ring of protection (right hand)
 F - an uncursed ring of flight
 G - an uncursed ring of protection from cold
 N - an uncursed ring of protection from fire
 Q - an uncursed ring of protection from cold
Wands
 a - a wand of iceblast (7)
 B - a wand of acid (14)
 C - a wand of random effects (52)
 E - a wand of digging (22)
 I - a wand of flame (40)
 J - a wand of polymorph (8)
 M - a wand of paralysis (5)
Scrolls
 s - 5 scrolls of remove curse
 v - a scroll of enchant armour
 y - 11 scrolls of identify
 H - 3 scrolls of teleportation
Potions
 f - 2 potions of heal wounds
 h - 8 potions of lignification
 i - 9 potions of curing
 m - 2 potions of haste
 n - a potion of agility
 o - 3 potions of might
 r - a potion of brilliance
 u - 3 potions of magic
 z - a potion of berserk rage
 P - a potion of mutation
Comestibles
 d - 31 rations


   Skills:
 + Level 7.6 Fighting
 + Level 10.0 Short Blades
 + Level 13.0 Dodging
 + Level 19.2 Stealth
 + Level 11.7 Spellcasting
 * Level 15.4 Hexes
 - Level 3.0 Summonings


You had 19 spell levels left.
You knew the following spells:

 Your Spells              Type           Power        Failure   Level  Hunger
a - Ensorcelled Hibernat  Hex/Ice        #####.       1%          2    None
b - Corona                Hex            ######.      0%          1    None
c - Confuse               Hex            ######..     1%          3    None
d - Tukima's Dance        Hex            ######..     1%          3    None
e - Dazzling Spray        Conj/Hex       #####.       1%          3    None
f - Summon Mana Viper     Hex/Summ       #####...     4%          5    ####...

Your spell library contained the following spells:

 Spells                   Type           Power        Failure   Level  Hunger
 Confusing Touch          Hex            ######       0%          1    None
 Slow                     Hex            ######..     0%          2    None
 Summon Butterflies       Summ           ###.....     1%          1    None
 Summon Small Mammal      Summ           ###.         1%          1    None
 Summon Guardian Golem    Hex/Summ       #####...     1%          3    None
 Call Imp                 Summ           ###.....     2%          2    None
 Call Canine Familiar     Summ           ###.....     5%          3    None
 Magic Dart               Conj           ##..         6%          1    None
 Sandblast                Erth           ##....       6%          1    None
 Metabolic Englaciation   Hex/Ice        #####.....   8%          5    ####...
 Yara's Violent Unravell  Hex/Tmut       #####.....   8%          5    ####...
 Blink                    Tloc           N/A          10%         2    None
 Passwall                 Tmut/Erth      ##......     10%         2    None
 Conjure Flame            Conj/Fire      ##......     19%         3    None
 Gell's Gravitas          Tloc           ##........   19%         3    None
 Mephitic Cloud           Conj/Pois/Air  ##......     19%         3    None
 Stone Arrow              Conj/Erth      ##....       19%         3    None
 Summon Ice Beast         Ice/Summ       ###.....     32%         4    ##.....
 Summon Lightning Spire   Summ/Air       ###.....     32%         4    ##.....
 Petrify                  Tmut/Erth      ##......     52%         4    ##.....
 Bolt of Magma            Conj/Fire/Erth ##........   86%         5    ####...
 Iskenderun's Battlesphe  Conj/Chrm      ##......     86%         5    ####...
 Lee's Rapid Deconstruct  Erth           ##........   86%         5    ####...
 Venom Bolt               Conj/Pois      ##........   86%         5    ####...
 Iron Shot                Conj/Erth      ##........   100%        6    ######.
 Orb of Destruction       Conj           ##........   100%        7    #######
 Spellforged Servitor     Conj/Summ      ###.......   100%        7    #######
 Summon Hydra             Summ           ###.......   100%        7    #######


Dungeon Overview and Level Annotations

Branches:
Dungeon (15/15)            Temple (1/1) D:5            Lair (6/6) D:10
  Swamp (0/4) Lair:2        Snake (0/4) Lair:4        Slime (0/5) Lair:5
    Orc (2/2) D:9             Elf (0/3) Orc:2        Vaults (0/5) D:13
 Depths (1/5) D:15

Altars:
Ashenzari
Cheibriados
Dithmenos
Elyvilon
Fedhas
Gozag
Hepliaklqana
Kikubaaqudgha
Makhleb
Nemelex Xobeh
Okawaru
Qazlal
Ru
Sif Muna
Trog
Uskayaw
Vehumet
Wu Jian
Xom
Yredelemnul
Zin
The Shining One
Beogh

Shops:
Orc:2 :*(

Portals:
Trove: D:15 (give 3 potions of resistance)

Annotations:
Lair:5 exclusion: 4 oklob plants


Innate Abilities, Weirdness & Mutations

You are very small and have problems with some larger weapons.
You are too small for most types of armour.
You have supernaturally acute eyesight. (SInv)
You are a herbivore.
You cover ground extremely quickly.
You need to consume almost no food.
You are partially covered in slimy green scales. (AC +2)
Your flesh is cold resistant. (rC+)
You are frail. (-10% HP)
You have an increased reservoir of magic. (+10% MP)
Your muscles are strong. (Str +2)
You expend magic power (3 MP) to strengthen your wands.


Message History

The orc high priest utters an invocation to Beogh. x2
The sixfirhy hits you but does no damage.
The orc high priest mumbles some strange prayers to Beogh.
The orc sorcerer mumbles some strange words.
The orc priest calls down the wrath of Beogh upon you.
Beogh smites you!
As you read the scroll of teleportation, it crumbles to dust.
You feel strangely unstable.
The orc high priest calls down the wrath of Beogh upon you.
Beogh smites you!
* * * LOW HITPOINT WARNING * * *
The orc priest calls upon Beogh to heal the orc high priest.
The orc high priest's wounds heal themselves!
The orange demon barely misses you.
The orc warlord roars a battlecry!
The orcs go into a battle-frenzy!
The orc warrior shouts!
You hear a shout!
The sixfirhy completely misses you. The sixfirhy hits you!
You die...

#....4.P.oP......$#$.##
.........o.......####.#
.........P........#...
#.......8...oo.o.....
##.......o..o4....#
......)∩..h.3.o..###
....P......o.3o....##
.........o.o.T33....#..
..........o3#.#@.......
............###.###.#..
##.##......## ... .# ##
#......# ...## .
#......###o#.# #.......
..... ......
.#.....$.......#
............#o.## #


You could see 4 orc high priests, a sun demon, an orange demon, a troll, 3
sixfirhies, a warg, an orc sorcerer, 5 orc warriors, an orc priest and an orc.

Vanquished Creatures
  Gastronok (Lair:2)
  An ettin (D:15)
  Erolcha (D:13)
  A rakshasa (D:15)
  6 hydras
  7 two-headed ogres
  4 centaur warriors
  2 dancing weapons
  3 death yaks
  A tengu warrior (D:15)
  A deep elf knight (D:15)
  Urug (Orc:1)
  6 unseen horrors
  4 orc knights
  A deep elf mage (D:15)
  A wolf spider (D:14)
  9 ugly things
  2 cyclopes
  A guardian serpent (D:10)
  3 manticores
  3 centaur zombies
  5 black mambas
  12 spiny frogs
  2 gargoyles
  A torpor snail (shapeshifter) (D:15)
  A yaktaur (Depths:1)
  2 efreet (D:14)
  4 komodo dragons
  A freezing wraith (D:15)
  2 rime drakes (Lair:3)
  A tengu conjurer (D:15)
  6 trolls
  A polar bear (Lair:5)
  A merfolk (D:10)
  2 hornets
  5 blink frogs (Lair:1)
  6 hippogriffs
  A dream sheep (Lair:6)
  2 wraiths
  A shadow (D:12)
  11 yaks
  4 wyverns
  4 basilisks
  4 vampire mosquitoes (D:14)
  A warg (Orc:1)
  A steam dragon (Lair:5)
  Menkaure (D:5)
  2 acid dragons
  11 water moccasins
  A soldier ant (D:15)
  Duvessa (D:6)
  9 porcupines
  An eye of draining (D:15)
  22 orc warriors
  2 ice beasts
  2 black bears
  5 sky beasts
  A necrophage (D:10)
  6 ogres
  4 boggarts (D:14)
  4 phantoms
  9 wolves
  7 centaurs
  12 crocodiles
  5 big kobolds
  10 bullfrogs
  Dowan (D:6)
  5 scorpions
  A troll skeleton (D:12)
  2 troll zombies (D:9)
  2 spriggan skeletons (D:12)
  9 wights (D:7)
  A howler monkey (D:4)
  11 crimson imps
  4 hounds
  3 quasits
  A bullfrog zombie (D:10)
  A gnoll shaman (D:9)
  11 orc priests
  A bullfrog skeleton (D:7)
  4 centaur skeletons (D:12)
  3 jellies
  11 orc wizards
  5 iguanas
  10 worker ants
  6 ogre zombies (D:9)
  A worker ant zombie (D:9)
  7 gnolls
  20 adders
  A shadow imp (D:14)
  2 oozes (D:3)
  A worm (D:3)
  3 dart slugs
  6 leopard geckos
  67 orcs
  8 bats
  A bat zombie (D:4)
  7 giant cockroaches
  8 goblins
  7 hobgoblins
  9 jackals
  33 kobolds
  8 quokkas
  2 ball pythons
  A ball python skeleton (D:6)
  4 frilled lizards
  A goblin skeleton (D:9)
  2 goblin zombies (D:9)
  2 hobgoblin zombies (D:9)
  A jackal skeleton (D:8)
  3 orc skeletons (D:9)
  17 orc zombies
  5 rats
  A rat zombie (D:4)
  A fungus (D:12)
576 creatures vanquished.

Vanquished Creatures (collateral kills)
  A rakshasa (D:15)
  An ogre mage (D:15)
  3 death yaks (Lair:5)
  2 ugly things (D:15)
  4 elephants (Lair:6)
  A kobold demonologist (D:15)
  A yak (Lair:5)
  An ogre (D:15)
  A crocodile (Lair:6)
  An orc priest (D:15)
  An orc wizard (D:15)
17 creatures vanquished.

Vanquished Creatures (others)
  A centaur skeleton (D:14)
  A dancing weapon (D:6)
  An orc (Orc:2)
  4 fungi
  3 plants
10 creatures vanquished.

Grand Total: 603 creatures vanquished

Notes
Turn   | Place    | Note
-------+----------+-------------------------------------------
     0 | D:1      | Jesh the Spriggan Enchanter began the quest for the Orb.
     0 | D:1      | Reached XP level 1. HP: 9/9 MP: 5/5
   315 | D:1      | Reached XP level 2. HP: 6/13 MP: 4/7
   319 | D:1      | Learned a level 2 spell: Ensorcelled Hibernation
   668 | D:2      | Noticed a water moccasin
   677 | D:2      | Killed a water moccasin
   677 | D:2      | Reached skill level 5 in Hexes
   677 | D:2      | Reached XP level 3. HP: 10/16 MP: 6/10
   677 | D:2      | Reached XP level 4. HP: 13/21 MP: 6/11
   943 | D:1      | Learned a level 3 spell: Confuse
   947 | D:1      | Learned a level 3 spell: Tukima's Dance
   967 | D:2      | Reached XP level 5. HP: 19/24 MP: 9/13
  1170 | D:2      | Reached skill level 5 in Stealth
  1975 | D:2      | Gained mutation: Your spells are a little easier to cast,
                  | but a little less powerful. [potion of mutation]
  1975 | D:2      | Gained mutation: You expend magic power (3 MP) to
                  | strengthen your wands. [potion of mutation]
  1975 | D:2      | Gained mutation: You occasionally shout uncontrollably at
                  | your foes. [potion of mutation]
  1975 | D:2      | Gained mutation: Your flesh is cold resistant. (rC+)
                  | [potion of mutation]
  2000 | D:2      | Reached skill level 6 in Stealth
  2140 | D:2      | Found a sparkling altar of Nemelex Xobeh.
  3039 | D:3      | Noticed a phantom
  3053 | D:3      | Killed a phantom
  3053 | D:3      | Reached skill level 7 in Stealth
  3053 | D:3      | Reached XP level 6. HP: 28/28 MP: 8/14
  3191 | D:3      | Reached skill level 8 in Stealth
  3673 | D:3      | Found a shadowy altar of Dithmenos.
  3683 | D:3      | Became a worshipper of Dithmenos the Shadowed
  3845 | D:3      | Reached skill level 9 in Stealth
  4112 | D:4      | Reached XP level 7. HP: 32/32 MP: 15/15
  4347 | D:4      | Found an ancient bone altar of Kikubaaqudgha.
  4408 | D:4      | Reached skill level 10 in Stealth
  4782 | D:4      | Reached skill level 11 in Stealth
  4855 | D:4      | Found a shimmering altar of Xom.
  4900 | D:4      | Learned a level 3 spell: Dazzling Spray
  5455 | D:5      | Entered Level 5 of the Dungeon
  5456 | D:5      | Found a staircase to the Ecumenical Temple.
  5502 | Temple   | Entered the Ecumenical Temple
  5956 | D:5      | Reached * piety under Dithmenos
  5967 | D:5      | Reached skill level 12 in Stealth
  6169 | D:5      | Found an iron altar of Okawaru.
  6184 | D:5      | Reached XP level 8. HP: 36/36 MP: 7/16
  6258 | D:5      | Found a snail-covered altar of Cheibriados.
  6304 | D:5      | You fall through a shaft!
  6440 | D:6      | Reached skill level 13 in Stealth
  6774 | D:6      | Noticed Dowan
  6793 | D:6      | Noticed Duvessa
  6810 | D:6      | Killed Dowan
  6850 | D:6      | Killed Duvessa
  7188 | D:6      | Reached skill level 14 in Stealth
  7273 | D:5      | Noticed Menkaure
  7279 | D:5      | Killed Menkaure
  7279 | D:5      | Reached skill level 15 in Stealth
  7321 | D:5      | Found a bloodstained altar of Trog.
  7568 | D:5      | Reached skill level 5 in Spellcasting
  8188 | D:6      | Reached ** piety under Dithmenos
  8371 | D:6      | Reached XP level 9. HP: 40/40 MP: 13/17
  8649 | D:6      | Reached skill level 1 in Fighting
 10131 | D:7      | Reached *** piety under Dithmenos
 10350 | D:7      | Reached skill level 5 in Dodging
 10511 | D:7      | Found a glowing silver altar of Zin.
 11019 | D:8      | Found an iron altar of Okawaru.
 11019 | D:8      | Found an opulent altar of Gozag.
 11049 | D:8      | Found an ornate altar of the Wu Jian Council.
 11049 | D:8      | Found a shattered altar of Ashenzari.
 11049 | D:8      | Found a hazy altar of Hepliaklqana.
 11312 | D:8      | Found a blossoming altar of Fedhas.
 11578 | D:9      | Reached XP level 10. HP: 27/47 MP: 1/20
 11604 | D:9      | Found a staircase to the Orcish Mines.
 11791 | D:9      | Found a flagged portal.
 11796 | Bailey   | Entered a bailey
 11799 | Bailey   | Noticed an orc knight
 12089 | Bailey   | Killed an orc knight
 12586 | Bailey   | Noticed an orc knight
 12587 | Bailey   | Noticed an orc knight
 12590 | Bailey   | Killed an orc knight
 12590 | Bailey   | Reached skill level 16 in Stealth
 12594 | Bailey   | Killed an orc knight
 12676 | Bailey   | Got a polished trident
 12687 | Bailey   | Identified the +9 trident of Valiance {pierce, +Rage Int+4}
                  | (You found it in a bailey)
 12822 | D:9      | Reached **** piety under Dithmenos
 13076 | D:9      | Reached skill level 5 in Short Blades
 14353 | D:10     | Entered Level 10 of the Dungeon
 14429 | D:10     | Found a staircase to the Lair.
 14859 | D:10     | Reached skill level 10 in Hexes
 14859 | D:10     | Reached XP level 11. HP: 50/53 MP: 18/23
 15220 | D:10     | Noticed an unseen horror
 15223 | D:10     | Killed an unseen horror
 15434 | D:11     | Reached ***** piety under Dithmenos
 16437 | D:11     | Noticed a cyan ugly thing
 16450 | D:11     | Killed a cyan ugly thing
 16998 | D:12     | Noticed an unseen horror
 17022 | D:12     | Killed an unseen horror
 17571 | D:12     | Lost mutation: You occasionally shout uncontrollably at
                  | your foes. [potion of mutation]
 17571 | D:12     | Lost mutation: Your spells are a little easier to cast, but
                  | a little less powerful. [potion of mutation]
 17571 | D:12     | Gained mutation: You are frail. (-10% HP) [potion of
                  | mutation]
 17571 | D:12     | Gained mutation: You are partially covered in slimy green
                  | scales. (AC +2) [potion of mutation]
 17571 | D:12     | Gained mutation: Your muscles are strong. (Str +2) [potion
                  | of mutation]
 17571 | D:12     | Gained mutation: You have an increased reservoir of magic.
                  | (+10% MP) [potion of mutation]
 17808 | D:13     | Noticed Erolcha
 17809 | D:13     | Noticed a two-headed ogre
 18094 | D:13     | Noticed an unseen horror
 18134 | D:14     | Noticed a centaur warrior
 18134 | D:14     | Noticed a white ugly thing
 18137 | D:14     | Noticed a white ugly thing
 18178 | D:14     | Noticed an unseen horror
 18196 | D:14     | Killed an unseen horror
 18196 | D:14     | Reached skill level 17 in Stealth
 18267 | D:14     | Killed an unseen horror
 18461 | D:13     | Noticed an enchanted long sword
 18479 | D:13     | Reached skill level 5 in Fighting
 18502 | D:13     | Killed an enchanted long sword
 18502 | D:13     | Reached XP level 12. HP: 54/54 MP: 2/28
 18759 | D:13     | Killed a two-headed ogre
 18902 | D:13     | Found a gate to the Vaults.
 18968 | D:13     | Found a white marble altar of Elyvilon.
 18995 | D:13     | Learned a level 5 spell: Summon Mana Viper
 19447 | D:13     | Killed Erolcha
 19952 | D:14     | Reached skill level 1 in Summonings
 19964 | D:14     | Noticed a centaur warrior
 19968 | D:14     | Killed a centaur warrior
 19972 | D:14     | Killed a centaur warrior
 19972 | D:14     | Reached skill level 10 in Dodging
 21023 | D:15     | Entered Level 15 of the Dungeon
 21023 | D:15     | Noticed a two-headed ogre
 21030 | D:15     | Killed a two-headed ogre
 21031 | D:15     | Found a portal to a secret trove of treasure.
 21194 | Lair:1   | Entered Level 1 of the Lair of Beasts
 21587 | Lair:1   | Noticed a six-headed hydra
 21595 | Lair:1   | Killed a six-headed hydra
 21595 | Lair:1   | Reached XP level 13. HP: 58/58 MP: 30/30
 21666 | Lair:1   | Reached skill level 10 in Spellcasting
 22894 | Lair:2   | Reached ****** piety under Dithmenos
 23119 | Lair:2   | Reached skill level 18 in Stealth
 23159 | Lair:2   | Found a staircase to the Swamp.
 23292 | Lair:2   | Noticed Gastronok
 23294 | Lair:2   | Killed Gastronok
 24956 | Lair:4   | Found a staircase to the Snake Pit.
 25999 | Lair:5   | Found a staircase to the Slime Pits.
 27188 | Lair:4   | Reached XP level 14. HP: 51/63 MP: 7/32
 27741 | Lair:6   | Entered Level 6 of the Lair of Beasts
 28752 | D:15     | Got a pitted falchion
 29200 | D:15     | Found a staircase to the Depths.
 29518 | D:15     | Reached skill level 15 in Hexes
 29553 | D:15     | Reached skill level 19 in Stealth
 30443 | D:15     | Found a glowing silver altar of Zin.
 30444 | D:15     | Noticed an angel
 30476 | Depths:1 | Entered Level 1 of the Depths
 30504 | Depths:1 | Noticed a fire giant
 30584 | D:15     | Upgraded the game from 0.23-a0-137-gef0ad6d46f to
                  | 0.23-a0-139-ga22e90c45f
 30742 | Orc:1    | Entered Level 1 of the Orcish Mines
 30745 | Orc:1    | Reached skill level 10 in Short Blades
 30795 | Orc:1    | Found a bloodstained altar of Trog.
 30796 | Orc:1    | Noticed Urug
 30807 | Orc:1    | Killed Urug
 31135 | Orc:2    | Entered Level 2 of the Orcish Mines
 31135 | Orc:2    | Found Zumawk's General Store.
 31369 | Orc:2    | Found a roughly hewn altar of Beogh.
 31389 | Orc:2    | Found a staircase to the Elven Halls.
 31400 | Orc:2    | Found Deaclal's Antique Weapon Boutique.
 31428 | Orc:2    | Noticed an orc warlord
 31439 | Orc:2    | Found Lint's Book Emporium.
 31457 | Orc:2    | Slain by a sixfirhy

Vault maps used:
D:1:      sevenhm_arrival_forest_fort_large_2
D:2:      overflow_temple_1_default
D:3:      hangedman_decor_peaks_small, minmay_misc_feat_more_columns,
          nicolae_dithmenos_shadow_blocks
D:4:      lemuel_zombie_altar_kikubaaqudgha, xom_teletrap_fun
D:5:      bloody_trog, kennysheep_slug_shrine, temple_fountains, first_ration,
          okawaru_gym_becter, uniq_menkaure
D:6:      mrwooster_statue_mirror, kennysheep_dice, uniq_duvessa
D:7:      kennysheep_mini
D:8:      minmay_overflow_temple_star_hex, fedhas_altar_4
D:9:      zombieorc2_lemuel, enter_bailey_1, grunt_ministairs_14
D:10:     lair_entry_dummy, hangedman_fish_farm, minivault_24,
          nrook_guardian_serpent_ordinary
D:12:     minmay_gold_behind_fungi, hangedman_tell_no_tales
D:13:     erik_vaults_1, lemuel_statue_altar, uniq_erolcha
D:14:     infiniplex_staircase_zigzag_1
D:15:     hangedman_depths_entry_civil_slaughter, enter_trove_2, zin_angel
Temple:   minmay_temple_forest_path
Lair:1:   st_stairs_9, minmay_stone_trees_medium, grunt_megastairs_2
Lair:2:   minmay_swamp_entry_worms, st_stairs_5, serial_bayou_crossing,
          serial_bayou_shore_b, uniq_gastronok
Lair:3:   hangedman_lair_generics_rect
Lair:4:   minmay_snake_entry_six_corridors
Lair:5:   minmay_slime_entry_oklob_enclosed, beast_lair_carwin_1,
          lemuel_fruit_tree
Lair:6:   minmay_lair_end_frog_pond
Orc:1:    basic_altar, minmay_orc_temple_a, uniq_urug
Orc:2:    grunt_orc_gardens, grunt_orc_garden, grunt_orc_garden,
          grunt_orc_garden, grunt_orc_garden, serial_shops, bzr_entry_islet,
          basic_altar, mines4_lemuel
Depths:1: minmay_misc_feat_four_crosses, grunt_hell_entry_dis_mu,
          minmay_fire_ice_demons, serial_bayou_shore_b
Bailey:   bailey_polearm_4, bailey

Skill      XL: |  1  2  3  4  5  6  7  8  9 10 11 12 13 14 |
---------------+-------------------------------------------+-----
Spellcasting   | 3 4 5 6 7 8 9 11 | 11.7
Hexes          | 4 5 6 8 10 11 13 14 15 | 15.4
Stealth        | 7 9 12 15 16 17 18 19 | 19.2
Short Blades   | 3 5 6 8 9 10 | 10.0
Fighting       | 2 3 5 6 7 |  7.6
Dodging        | 5 7 9 10 12 13 | 13.0
Summonings     | 2 3 |  3.0

Action                   |  1- 3 |  4- 6 |  7- 9 | 10-12 | 13-15 || total
-------------------------+-------+-------+-------+-------+-------++-------
Melee: Dagger            |    51 |   216 |   463 |   485 |   419 ||  1634
 Cast: Corona            |     3 |     1 |       |       |       ||     4
       Ensorcelled Hiber |     2 |    45 |    83 |    98 |   103 ||   331
       Confuse           |       |     5 |    32 |    75 |    24 ||   136
       Dazzling Spray    |       |       |     6 |    11 |    21 ||    38
       Tukima's Dance    |       |       |     1 |       |       ||     1
       Summon Mana Viper |       |       |       |       |    19 ||    19
Invok: Shadow Step       |       |       |       |     1 |     4 ||     5
Evoke: Wand              |       |     3 |    10 |     4 |     1 ||    18
  Use: Scroll            |     4 |     5 |    16 |     6 |     4 ||    35
       Potion            |       |     1 |     3 |     3 |     2 ||     9
 Stab: Sleeping          |     9 |    26 |    66 |    97 |   131 ||   329
       Confused          |       |     4 |    14 |    39 |    19 ||    76
       Distracted        |       |       |     3 |     6 |     6 ||    15
       Invisible         |       |       |       |     3 |     3 ||     6
  Eat: Ration            |       |     1 |     5 |     7 |     6 ||    19
Armor: Robe              |     7 |    24 |    36 |    37 |    26 ||   130
Dodge: Dodged            |    38 |   193 |   290 |   410 |   303 ||  1234

Table legend:
 A = Non-vault XP
 B = Vault XP
 C = Vault XP percentage of total XP
 D = Non-vault monster count
 E = Vault monster count
 F = Vault count percentage of total count
                 A         B        C        D         E       F
            +---------+---------+-------+---------+---------+-------
      Total |   66818 |   24216 |  26.6 |     476 |     116 |  19.6
            +---------+---------+-------+---------+---------+-------
        D:1 |      25 |       0 |   0.0 |      15 |       0 |   0.0
        D:2 |     288 |       0 |   0.0 |      28 |       0 |   0.0
        D:3 |     301 |       0 |   0.0 |      32 |       0 |   0.0
        D:4 |     477 |       3 |   0.6 |      15 |       2 |  11.8
        D:5 |     766 |     173 |  18.4 |      23 |       2 |   8.0
        D:6 |     938 |     377 |  28.7 |      26 |       5 |  16.1
        D:7 |    1271 |       0 |   0.0 |      44 |       0 |   0.0
        D:8 |     580 |       0 |   0.0 |      15 |       0 |   0.0
        D:9 |    1342 |     647 |  32.5 |      20 |      37 |  64.9
       D:10 |    2857 |     799 |  21.9 |      29 |       2 |   6.5
       D:11 |    2075 |       0 |   0.0 |      20 |       0 |   0.0
       D:12 |    1757 |    1049 |  37.4 |      13 |       8 |  38.1
       D:13 |    2700 |    1899 |  41.3 |      14 |       2 |  12.5
       D:14 |   10775 |     904 |   7.7 |      34 |       1 |   2.9
       D:15 |   15447 |    4354 |  22.0 |      42 |       6 |  12.5
     Lair:1 |    1749 |    2585 |  59.6 |       8 |       8 |  50.0
     Lair:2 |    3877 |    2608 |  40.2 |      17 |       3 |  15.0
     Lair:3 |    3869 |    2684 |  41.0 |      11 |       6 |  35.3
     Lair:4 |    4422 |     800 |  15.3 |      13 |       8 |  38.1
     Lair:5 |    7168 |    1494 |  17.2 |      26 |       7 |  21.2
     Lair:6 |    1764 |       0 |   0.0 |       8 |       0 |   0.0
      Orc:1 |    1993 |     807 |  28.8 |      22 |       1 |   4.3
   Depths:1 |     377 |       0 |   0.0 |       1 |       0 |   0.0
     Bailey |       0 |    3033 | 100.0 |       0 |      18 | 100.0
            +---------+---------+-------+---------+---------+-------
